 Dungeon Crawl Stone Soup version 0.24.0-2-g5b39cebb1c (webtiles) character file.

Game seed: 347243028399342413, levelgen mode: deterministic

11882 Esekla the Magician (level 11, -5/56 HPs)
             Began as a Vine Stalker Warper on Oct 31, 2019.
             Was a High Priest of Vehumet.
             Slain by Frances
             ... wielding a +2 glaive of venom
              (23 damage)
             ... on level 12 of the Dungeon on Nov 1, 2019.
             The game lasted 01:58:24 (11744 turns).

Esekla the Magician (Vine Stalker Warper)          Turns: 11744, Time: 01:58:25

Health: -5/56      AC:  8    Str: 14    XL:     11   Next: 84%
Magic:  0/31       EV: 14    Int: 16    God:    Vehumet [*****.]
Gold:   305        SH:  0    Dex: 14    Spells: 0/24 levels left

rFire    . . .     SeeInvis .   S - +5 long sword (vamp)
rCold    . . .     Gourm    .   (no shield)
rNeg     . . .     Faith    +   t - +2 robe
rPois    .         Spirit   +   (no helmet)
rElec    .         Reflect  .   C - +0 cloak
rCorr    .         Harm     .   J - +0 pair of gloves
MR       +....                  G - +1 pair of boots
Stlth    ++........             B - amulet of faith
HPRegen  0.58/turn              i - ring of wizardry
MPRegen  0.22/turn              M - ring of magical power

@: lethally poisoned (-5 -> -6)
A: fangs 3, regeneration 1, magic shield, antimagic bite, no potion heal 3, rot
immunity
a: Renounce Religion


You were on level 12 of the Dungeon.
You worshipped Vehumet.
Vehumet was extremely pleased with you.
You were very hungry.

You visited 2 branches of the dungeon, and saw 13 of its levels.

You collected 800 gold pieces.
You spent 495 gold pieces at shops.

Inventory:

Hand Weapons
 a - a +0 falchion
 n - a +0 short sword
 v - a +3 dagger of venom
 z - a +3 halberd of flaming
 H - the +2 short sword of Wounding {drain, Dex+6 Stlth-}
   (You found it on level 6 of the Dungeon)

   A truly terrible weapon, it drains the life of those it strikes.
   It affects your dexterity (+6).
   It makes you less stealthy.
 N - a +2 battleaxe of electrocution
 S - a +5 vampiric long sword (weapon)
 U - a +0 halberd of holy wrath
Missiles
 e - 5 boomerangs of dispersal
 E - 10 poisoned darts (quivered)
 Q - 3 boomerangs
Armour
 l - a +2 ring mail of positive energy
 t - a +2 robe (worn)
 C - a +0 cloak (worn)
 G - a +1 pair of boots (worn)
 J - a +0 pair of gloves (worn)
 L - a +0 buckler
Jewellery
 i - a ring of wizardry (left hand)
 w - a +6 amulet of reflection
 B - an amulet of faith (around neck)
 I - an uncursed ring of protection from cold
 M - a ring of magical power (right hand)
 P - an uncursed ring of protection from cold
 R - an uncursed amulet of the gourmand {unknown}
Wands
 u - a wand of paralysis (10)
 y - a wand of flame (15)
 A - a wand of polymorph (17)
 K - a wand of disintegration (19)
Scrolls
 c - 3 scrolls of remove curse
 d - 2 scrolls of blinking
 g - a scroll of immolation
 h - 3 scrolls of amnesia
 j - 5 scrolls of teleportation
 q - 4 scrolls of magic mapping
 O - 3 scrolls of identify
Potions
 b - 2 potions of lignification
 k - 2 potions of ambrosia
 m - 7 potions of curing
 o - 2 potions of might
 p - 4 potions of haste
 r - 2 potions of brilliance
 s - a potion of cancellation
 x - 2 potions of invisibility
 D - a potion of berserk rage
 F - a potion of mutation {unknown}
Comestibles
 f - 26 rations


   Skills:
 + Level 5.3 Fighting
 - Level 3.9(5.7) Short Blades
 * Level 6.4(7.0) Long Blades
 + Level 3.5 Polearms
 + Level 1.5 Throwing
 + Level 2.4 Armour
 + Level 4.8 Dodging
 - Level 1.0 Stealth
 * Level 7.3 Spellcasting
 * Level 5.3 Conjurations
 + Level 4.3 Hexes
 + Level 2.4 Charms
 + Level 5.1 Summonings
 + Level 3.6 Translocations
 * Level 2.0 Transmutations
 * Level 3.1 Fire Magic
 + Level 5.3 Air Magic


You couldn't memorise any spells.
You knew the following spells:

 Your Spells              Type           Power        Failure   Level  Hunger
a - Apportation           Tloc           ###...       1%          1    None
b - Blink                 Tloc           N/A          1%          2    None
c - Corona                Hex            ###....      1%          1    None
d - Dazzling Spray        Conj/Hex       ###...       1%          3    ##.....
f - Conjure Flame         Conj/Fire      ###.....     1%          3    ##.....
g - Shroud of Golubria    Chrm/Tloc      ###...       2%          2    None
i - Irradiate             Conj/Tmut      ###.......   9%          5    #####..
k - Tukima's Dance        Hex            ###.....     2%          3    ##.....
l - Summon Lightning Spi  Summ/Air       ###.....     6%          4    ####...

Your spell library contained the following spells:

 Spells                   Type           Power        Failure   Level  Hunger
 Ozocubu's Refrigeration  Ice            #.........   80%         6    #######
 Confusing Touch          Hex            ###...       1%          1    None
 Sandblast                Erth           #.....       1%          1    None
 Summon Small Mammal      Summ           ###.         1%          1    None
 Call Imp                 Summ           ###.....     1%          2    None
 Call Canine Familiar     Summ           ###.....     1%          3    ##.....
 Stone Arrow              Conj/Erth      ##....       1%          3    ##.....
 Beastly Appendage        Tmut           ##....       2%          1    None
 Confuse                  Hex            ###.....     2%          3    ##.....
 Summon Guardian Golem    Hex/Summ       ###.....     2%          3    ##.....
 Ensorcelled Hibernation  Hex/Ice        ##....       3%          2    None
 Sticks to Snakes         Tmut           ##......     3%          2    None
 Gell's Gravitas          Tloc           ###.......   3%          3    ##.....
 Lesser Beckoning         Tloc           ###.......   3%          3    ##.....
 Teleport Other           Tloc           ###.....     3%          3    ##.....
 Animate Skeleton         Necr           N/A          4%          1    None
 Passwall                 Tmut/Erth      #.......     4%          2    None
 Spider Form              Tmut/Pois      #.........   10%         3    ##.....
 Passage of Golubria      Tloc           N/A          11%         4    ####...
 Summon Ice Beast         Ice/Summ       ##......     16%         4    ####...
 Ice Form                 Ice/Tmut       #.......     30%         4    ####...
 Petrify                  Tmut/Erth      #.......     30%         4    ####...
 Lee's Rapid Deconstruct  Erth           #.........   32%         5    #####..
 Blade Hands              Tmut           ##........   47%         5    #####..


Dungeon Overview and Level Annotations

Branches:
Dungeon (12/15)            Temple (1/1) D:6            Lair (0/6) D:11
    Orc (0/2) D:11

Altars:
Ashenzari
Cheibriados
Dithmenos
Elyvilon
Fedhas
Gozag
Hepliaklqana
Kikubaaqudgha
Makhleb
Nemelex Xobeh
Okawaru
Qazlal
Ru
Sif Muna
Trog
Uskayaw
Vehumet
Wu Jian
Xom
Yredelemnul
Zin
The Shining One

Shops:
D:6 *   D:10 [([[

Annotations:
D:7 3 runed translucent doors, grouchysmurf's ghost, novice HOFi
D:12 Frances


Innate Abilities, Weirdness & Mutations

You have razor-sharp teeth.
Your natural rate of healing is unusually fast.
When hurt, damage is shared between your health and your magic reserves.
Your bite disrupts and absorbs the magic of your enemies.
Potions cannot restore your health.
You are immune to rotting.


Message History

Frances mutters in a terrible tongue.
Casting: Dazzling Spray (safe; 1% risk of failure)
Confirm with . or Enter, or press ? or * to list all spells.
You blink.
Frances hits you from afar with a +2 glaive of venom!
You are poisoned.
Casting: Blink (safe; 1% risk of failure)
Confirm with . or Enter, or press ? or * to list all spells.
You blink.
You feel sick.
You feel sick.
You feel sick.
You feel sick.
You feel sick.
You feel sick. Frances misses you.
You feel sick.
Frances chants phrases taken from a devil's mouth.
You feel sick.
Frances hits you from afar with a +2 glaive of venom!!
You die...

#..........#####.#
#..........#####.#
#######
#............(.#<#
#.....#
#..........###.#.#
#.....###..........#
#.###
#..........####.##.# #.#
...................# #.#
###........####.######.#
##.....Y..4.@.@.[....#
#.......#############
#.####### #.# #.# §.○..#
§☼☼..# §☼§..# ####.#


You could see Frances, a hellwing and a yak.

Vanquished Creatures
  A cyclops (D:11)
  Maurice (D:11)
  A kobold demonologist (D:10)
  A troll (D:9)
  4 hippogriffs
  4 slime creatures (D:12)
  Sigmund (D:3)
  A spriggan (D:10)
  A human (D:10)
  2 basilisks (D:11)
  19 yaks
  A water moccasin (D:7)
  6 orc warriors
  3 sky beasts
  A necrophage (D:10)
  3 phantoms
  4 ice beasts
  6 ogres
  5 centaurs
  A big kobold (D:10)
  5 bullfrogs
  3 scorpions
  A wyvern skeleton (D:9)
  3 howler monkeys
  10 killer bees
  8 crimson imps
  A hound (D:7)
  5 jellies
  5 orc priests
  Crazy Yiuf (D:5)
  A centaur skeleton (D:4)
  6 orc wizards
  2 bullfrog skeletons
  2 iguanas
  9 worker ants
  A killer bee zombie (D:6)
  A hound skeleton (D:4)
  11 gnolls
  11 adders
  A shadow imp (D:9)
  An adder skeleton (D:5)
  A worm (D:3)
  2 dart slugs
  4 leopard geckos
  26 orcs
  A ball python (D:1)
  7 giant cockroaches
  11 hobgoblins
  11 jackals
  4 quokkas
  6 bats
  3 frilled lizards
  2 gnoll zombies (D:7)
  10 goblins
  14 kobolds
  A leopard gecko skeleton (D:5)
  A quokka skeleton (D:7)
  2 quokka zombies
  9 rats
269 creatures vanquished.

Vanquished Creatures (collateral kills)
  A two-headed ogre (D:5)
  A centaur (D:5)
  A worker ant (D:5)
  A quokka (D:5)
  A giant cockroach zombie (D:5)
5 creatures vanquished.

Vanquished Creatures (others)
  A troll (D:12)
  2 slime creatures (D:12)
  An ogre (D:10)
  A worker ant zombie (D:10)
  4 fungi
  2 plants (D:7)
11 creatures vanquished.

Grand Total: 285 creatures vanquished

Notes
Turn   | Place    | Note
-------+----------+-------------------------------------------
     0 | D:1      | Esekla the Vine Stalker Warper began the quest for the Orb.
     0 | D:1      | Reached XP level 1. HP: 11/11 MP: 4/4
   328 | D:2      | Reached XP level 2. HP: 12/15 MP: 3/6
   428 | D:1      | Reached skill level 3 in Spellcasting
   434 | D:1      | Learned a level 2 spell: Shroud of Golubria
   437 | D:1      | Learned a level 2 spell: Blink
   788 | D:1      | Reached XP level 3. HP: 15/18 MP: 8/8
  1453 | D:1      | Reached skill level 1 in Charms
  1736 | D:3      | Gained mutation: Your natural rate of healing is unusually
                  | fast. [Vine Stalker growth]
  1736 | D:3      | Reached XP level 4. HP: 17/23 MP: 7/9
  1740 | D:3      | Found a sacrificial altar of Ru.
  1760 | D:3      | Noticed Sigmund
  1832 | D:2      | Reached skill level 1 in Armour
  2665 | D:3      | Killed Sigmund
  2665 | D:3      | Reached XP level 5. HP: 10/26 MP: 8/11
  2665 | D:3      | Reached XP level 6. HP: 12/30 MP: 8/12
  2725 | D:3      | Noticed a sky beast
  2760 | D:3      | Killed a sky beast
  3026 | D:4      | Noticed a phantom
  3028 | D:4      | Reached XP level 7. HP: 33/35 MP: 13/13
  3268 | D:4      | Learned a level 4 spell: Summon Lightning Spire
  3348 | D:4      | Reached skill level 1 in Stealth
  3348 | D:4      | Reached skill level 4 in Spellcasting
  3541 | D:4      | Reached skill level 1 in Air Magic
  3603 | D:5      | Entered Level 5 of the Dungeon
  3612 | D:5      | Reached skill level 1 in Summonings
  3822 | D:4      | Found a hazy altar of Hepliaklqana.
  4056 | D:5      | Noticed a two-headed ogre
  4212 | D:4      | Learned a level 3 spell: Dazzling Spray
  4216 | D:4      | Learned a level 3 spell: Tukima's Dance
  4300 | D:5      | Gained mutation: You have razor-sharp teeth. [Vine Stalker
                  | growth]
  4300 | D:5      | Reached XP level 8. HP: 40/40 MP: 15/15
  4555 | D:5      | Found a runed translucent door.
  4556 | D:5      | Noticed Crazy Yiuf
  4567 | D:5      | Killed Crazy Yiuf
  4635 | D:6      | Found Aheck's Assorted Antiques.
  4644 | D:6      | Bought a scroll labeled UKATAT URO for 23 gold pieces
  4644 | D:6      | Bought a scroll labeled QUMAEX HIOTOP for 23 gold pieces
  4644 | D:6      | Bought a scroll labeled VONLEA VUIRPH for 23 gold pieces
  4644 | D:6      | Bought a scroll labeled FIFOGI VUUZ for 23 gold pieces
  4718 | D:6      | Reached skill level 1 in Conjurations
  4718 | D:6      | Reached skill level 1 in Hexes
  4883 | D:6      | Found a shimmering altar of Xom.
  4885 | D:6      | Noticed an angel
  4889 | D:6      | Found a glowing silver altar of Zin.
  4928 | D:6      | Reached skill level 1 in Polearms
  4948 | D:6      | Found a snail-covered altar of Cheibriados.
  5045 | D:6      | Found a sparkling altar of Nemelex Xobeh.
  5047 | D:6      | Found a hide-covered altar of Uskayaw.
  5051 | D:6      | Found a shattered altar of Ashenzari.
  5053 | D:6      | Found an ancient bone altar of Kikubaaqudgha.
  5067 | D:6      | Found a staircase to the Ecumenical Temple.
  5078 | D:6      | Learned a level 1 spell: Corona
  5201 | D:6      | Found an ornate altar of the Wu Jian Council.
  5501 | D:6      | Got an iridescent short sword
  5502 | D:6      | Identified the +2 short sword of Wounding {drain, Dex+6
                  | Stlth-} (You found it on level 6 of the Dungeon)
  5593 | Temple   | Entered the Ecumenical Temple
  5615 | Temple   | Became a worshipper of Vehumet
  5765 | D:5      | Killed a two-headed ogre
  5765 | D:5      | Reached skill level 5 in Spellcasting
  5765 | D:5      | Reached XP level 9. HP: 15/45 MP: 4/17
  6150 | D:7      | Reached skill level 1 in Short Blades
  6231 | D:7      | Found a runed translucent gate.
  6232 | D:7      | Found a runed translucent gate.
  6232 | D:7      | Noticed grouchysmurf's ghost (novice HOFi)
  6233 | D:7      | Found a runed translucent gate.
  6233 | D:7      | Identified the +2 short sword "Afuch" {elec, *Rage +Inv rF+
                  | Int+5}
  6234 | D:7      | Noticed a kobold demonologist
  6464 | D:7      | Found a basalt altar of Yredelemnul.
  6853 | D:7      | Reached skill level 1 in Throwing
  6924 | D:8      | Reached * piety under Vehumet
  6924 | D:8      | Offered knowledge of Magic Dart by Vehumet.
  7641 | D:8      | Reached XP level 10. HP: 34/50 MP: 19/19
  7732 | D:9      | Reached ** piety under Vehumet
  7732 | D:9      | Offered knowledge of Sting by Vehumet.
  7798 | D:9      | Learned a level 1 spell: Apportation
  7977 | D:9      | Reached skill level 6 in Spellcasting
  8146 | D:6      | Bought a scroll of identify for 46 gold pieces
  8415 | D:10     | Entered Level 10 of the Dungeon
  8988 | D:9      | Offered knowledge of Conjure Flame by Vehumet.
  8993 | D:9      | Learned a level 3 spell: Conjure Flame
  9268 | D:9      | Reached skill level 5 in Air Magic
  9547 | D:10     | Noticed a kobold demonologist
  9557 | D:10     | Reached *** piety under Vehumet
  9565 | D:10     | Killed a kobold demonologist
  9825 | D:10     | Reached skill level 1 in Fire Magic
  9928 | D:10     | Offered knowledge of Static Discharge by Vehumet.
  9928 | D:10     | Reached XP level 11. HP: 54/54 MP: 22/22
 10069 | D:10     | Found Efukanur's Armour Emporium.
 10131 | D:10     | Found Mogeelyl's Antique Armour Emporium.
 10136 | D:10     | Found Ygabrog's Armour Emporium.
 10210 | D:10     | Reached skill level 5 in Summonings
 10366 | D:10     | Found Tykaor's Weapon Shoppe.
 10370 | D:10     | Reached **** piety under Vehumet
 10437 | D:10     | Bought a +1 vampiric long sword for 210 gold pieces
 10467 | D:10     | Bought a scorched leather armour for 147 gold pieces
 10477 | D:10     | Identified the +0 leather armour "Zuveruaz" {Str+3} (You
                  | bought it in a shop on level 10 of the Dungeon)
 10620 | D:11     | Offered knowledge of Irradiate by Vehumet.
 10686 | D:10     | Reached skill level 7 in Spellcasting
 10697 | D:10     | Learned a level 5 spell: Irradiate
 10727 | D:10     | Reached skill level 5 in Conjurations
 10926 | D:11     | Noticed a cyclops
 10937 | D:11     | Killed a cyclops
 10937 | D:11     | Reached skill level 5 in Fighting
 10937 | D:11     | Reached skill level 5 in Long Blades
 11007 | D:11     | Identified a scroll of acquirement
 11024 | D:11     | Found a staircase to the Orcish Mines.
 11036 | D:10     | Reached skill level 1 in Transmutations
 11185 | D:11     | Found a staircase to the Lair.
 11221 | D:11     | Noticed Maurice
 11230 | D:11     | Killed Maurice
 11280 | D:11     | Reached ***** piety under Vehumet
 11326 | D:11     | Offered knowledge of Ozocubu's Refrigeration by Vehumet.
 11707 | D:12     | Noticed Frances
 11708 | D:12     | Noticed a purple ugly thing
 11744 | D:12     | Slain by Frances

Levels and vault maps discovered:
D:1:      nzn_arrival_crosshair, layout_loops_ring, lemuel_old_faithful
D:2:      layout_rooms, grunt_ministairs_2
D:3:      layout_basic, nicolae_overflow_crystal_walls, first_ration,
          uniq_sigmund
D:4:      layout_cave_pods, kennysheep_little_box
D:5:      layout_rooms, minmay_diced_spiral, uniq_crazy_yiuf_cottage
D:6:      layout_gridville, grunt_temple_overflow_order_and_chaos_1,
          kennysheep_mini, grunt_temple_overflow_open,
          minmay_temple_entry_glassed_door, basic_altar, serial_shops, shop,
          minmay_holes
D:7:      layout_loops_ring, lemuel_zombie_altar_yredelemnul,
          gammafunk_ghost_nasty_kobolds
D:8:      layout_rooms
D:9:      layout_basic
D:10:     layout_roguey, serial_shops, shop, shop, shop_statue, shop,
          hangedman_stone_soup, billiards_dpeg
D:11:     layout_loops_cross, david_lair_generic, orc_david_3, uniq_maurice
D:12:     layout_basic, lemuel_flame_loot_1, uniq_rupert, uniq_snorg,
          uniq_frances
Temple:   minmay_temple_bridge_abc

Skill      XL: |  1  2  3  4  5  6  7  8  9 10 11 |
---------------+----------------------------------+-----
Long Blades    | 2 3 4 6 |  6.4
Spellcasting   | 3 4 5 6 7 |  7.3
Charms         | 1 2 |  2.4
Fighting       | 2 3 4 5 |  5.3
Armour         | 1 2 |  2.4
Dodging        | 2 3 4 |  4.8
Stealth        | 1 |  1.0
Air Magic      | 1 2 4 5 |  5.3
Summonings     | 1 2 3 4 5 |  5.1
Conjurations   | 2 3 4 5 |  5.3
Hexes          | 2 3 4 |  4.3
Polearms       | 2 3 |  3.5
Short Blades   | 2 3 |  3.9
Throwing       | 1 |  1.5
Fire Magic     | 1 3 |  3.1
Transmutations | 2 |  2.0
Translocations | |  3.6

Action                   |  1- 3 |  4- 6 |  7- 9 | 10-12 || total
-------------------------+-------+-------+-------+-------++-------
Melee: Falchion          |   130 |   148 |    99 |       ||   377
       Bite              |    26 |    47 |   113 |   139 ||   325
       Unarmed           |       |     1 |       |       ||     1
       Halberd           |       |       |    71 |     6 ||    77
       Short sword       |       |       |   130 |    14 ||   144
       Dagger            |       |       |    39 |   312 ||   351
       Long sword        |       |       |       |   116 ||   116
Throw: Dart              |       |       |     2 |    20 ||    22
 Cast: Blink             |       |     1 |     3 |     8 ||    12
       Dazzling Spray    |       |       |    22 |    58 ||    80
       Summon Lightning  |       |       |     2 |       ||     2
       Corona            |       |       |     2 |       ||     2
       Conjure Flame     |       |       |       |     6 ||     6
  Use: Scroll            |     5 |       |    13 |     9 ||    27
       Potion            |       |       |       |     1 ||     1
 Stab: Sleeping          |       |     1 |     1 |     2 ||     4
       Invisible         |       |       |     6 |    23 ||    29
       Distracted        |       |       |       |     1 ||     1
  Eat: Chunk             |     2 |     4 |    18 |     9 ||    33
       Ration            |       |       |       |     2 ||     2
Armor: Leather armour    |    17 |       |       |       ||    17
       Ring mail         |    23 |    47 |       |       ||    70
       Skin              |       |     1 |       |       ||     1
       Robe              |       |     5 |    87 |    70 ||   162
Dodge: Dodged            |    75 |   109 |   243 |   327 ||   754
Block: Other             |       |       |    14 |       ||    14
       Rpst.: Falchion   |    19 |    37 |    23 |       ||    79
       Long sword        |       |       |       |    46 ||    46
